Map: [ESL] Goldenaura

Players

Astrea - Winner!

  • Race: Protoss Protoss
  • Spawn Location: 5:00

Nina

  • Race: Protoss Protoss
  • Spawn Location: 12:00

Event: ESL SC2 Masters 2024 Spring (Regional)

VOD

Have the link to the VOD?

Description

Time

  • Played on: April 14, 2024, 1:11 p.m.
  • Length: 32:12

All games in this series

Show
View Real Time Build Order
Export as new Build Order

Astrea Protoss - Winner!

Build Orders: Phoenix Opening 

Get SALT Encoding   

  12  0:00  Probe  
  13  0:12  Probe  
  14  0:17  Pylon  
  14  0:24  Probe (Chrono Boost)  
  15  0:36  Probe (Chrono Boost), Gateway  
  16  0:43  Probe (Chrono Boost)  
  16  0:46  Assimilator  
  17  0:51  Probe  
  17  0:54  Assimilator  
  18  1:03  Probe (Chrono Boost)  
  19  1:07  Gateway  
  19  1:12  Probe (Chrono Boost)  
  19  1:17  Probe (Chrono Boost)  
  20  1:24  Cybernetics Core  
  21  1:29  Probe  
  22  1:36  Pylon  
  22  1:41  Probe  
  23  1:54  Probe  
  24  2:00  Warp Gate  
  26  2:04  Sentry  
  26  2:06  Probe  
  27  2:18  Nexus  
  27  2:21  Sentry  
  29  2:25  Probe  
  30  2:32  Pylon  
  30  2:39  Probe  
  31  2:50  Sentry, Stalker  
  35  2:52  Probe (Chrono Boost)  
  36  2:58  Shield Battery  
  36  3:01  Probe (Chrono Boost)  
  37  3:06  Probe  
  37  3:08  Pylon  
  38  3:18  Probe  
  39  3:25  Robotics Facility  
  39  3:30  Probe x2 (Chrono Boost)  
  41  3:39  Phoenix  
  43  3:41  Pylon  
  43  3:42  Probe x2 (Chrono Boost)  
  43  3:47  Probe (Chrono Boost)  
  43  3:48  Probe (Chrono Boost)  
  45  3:56  Probe  
  45  3:57  Probe  
  47  4:07  Nexus  
  47  4:08  Probe  
  47  4:09  Observer, Probe  
  49  4:13  Phoenix  
  49  4:17  Stalker  
  52  4:19  Pylon  
  52  4:21  Probe x2  
  54  4:29  Immortal (Chrono Boost)  
  54  4:33  Probe  
  54  4:34  Probe  
  60  4:42  Shield Battery  
  60  4:45  Probe  
  61  4:49  Probe  
  62  4:57  Probe  
  62  4:58  Immortal (Chrono Boost)  
  67  5:01  Probe  
  67  5:04  Phoenix  
  68  5:10  Probe  
  68  5:13  Probe  
  70  5:19  Stalker x2  
  74  5:21  Probe  
  74  5:22  Probe  
  74  5:25  Probe  
  74  5:26  Twilight Council, Forge  
  74  5:27  Warp Prism (Chrono Boost)  
  79  5:36  Observer  
  79  5:38  Probe  
  80  5:43  Probe  
  80  5:45  Probe  
  80  5:48  Stalker  
  84  5:50  Probe  
  84  5:52  Pylon  
  84  5:53  Gateway x2  
  84  5:54  Protoss Ground Weapons Level 1 (Chrono Boost)  
  85  5:58  Blink  
  85  6:00  Gateway  
  85  6:06  Pylon, Warp Prism (Chrono Boost)  
  85  6:10  Pylon, Shield Battery  
  85  6:17  Gateway  
  85  6:19  Gateway  
  77  6:27  Stalker  
  77  6:29  Pylon  
  77  6:31  Probe x2  
  80  6:35  Immortal  
  80  6:36  Stalker  
  82  6:42  Probe  
  82  6:43  Probe  
  82  6:45  Probe  
  82  6:46  Assimilator  
  85  6:49  Stalker x2  
  85  6:53  Stalker  
  81  6:57  Shield Battery  
  72  7:02  Stalker  
  65  7:12  Zealot x3  
  65  7:14  Zealot  
  67  7:16  Stalker  
  63  7:29  Stalker  
  61  7:34  Stalker  
  58  7:39  Zealot x4  
  58  7:40  Probe x3  
  69  7:47  Observer  
  69  7:52  Probe x3 (Chrono Boost)  
  69  7:54  Stalker  
  69  7:57  Stalker  
  74  8:01  Stalker x2  
  74  8:04  Probe x2 (Chrono Boost)  
  81  8:06  Stalker  
  81  8:09  Observer  
  81  8:10  Probe (Chrono Boost)  
  81  8:12  Stalker, Probe x2 (Chrono Boost)  
  85  8:16  Probe (Chrono Boost)  
  78  8:23  Zealot, Stalker  
  78  8:25  Pylon  
  82  8:27  Stalker  
  82  8:28  Nexus  
  82  8:31  Stalker  
  86  8:39  Stalker  
  86  8:42  Observer  
  86  8:47  Stalker  
  88  8:51  Pylon  
  88  8:52  Zealot x3  
  88  8:54  Charge (Chrono Boost)  
  94  8:58  Observer  
  94  9:01  Observer (Chrono Boost), Probe x3  
  97  9:06  Zealot x2  
  102  9:15  Probe  
  102  9:16  Stalker  
  102  9:17  Zealot x3, Shield Battery  
  107  9:18  Probe  
  107  9:22  Probe  
  113  9:25  Protoss Ground Weapons Level 2 (Chrono Boost)  
  113  9:27  Probe  
  114  9:33  Probe  
  114  9:34  Probe, Gateway x2  
  114  9:38  Forge  
  116  9:42  Zealot x5  
  116  9:44  Zealot  
  128  9:45  Probe  
  128  9:46  Probe  
  128  9:48  Probe  
  128  9:49  Probe  
  132  9:56  Pylon  
  132  9:58  Pylon  
  130  10:01  Nexus  
  130  10:07  Zealot  
  131  10:23  Zealot x5  
  127  10:35  Zealot x3  
  107  10:44  Zealot x5  
  112  10:53  Probe x2  
  114  11:02  Protoss Ground Armor Level 1 (Chrono Boost), Probe  
  115  11:05  Probe  
  115  11:06  Stalker x4  
  115  11:10  Pylon  
  115  11:11  Pylon  
  124  11:12  Pylon  
  120  11:21  Observer  
  120  11:25  Stalker x4  
  129  11:29  Protoss Ground Weapons Level 3 (Chrono Boost), Nexus  
  129  11:30  Pylon, Probe x3  
  132  11:33  Stalker x3  
  137  11:41  Warp Prism (Chrono Boost)  
  139  11:49  Probe x4  
  143  11:54  Shield Battery  
  143  12:01  Probe x2  
  143  12:02  Probe  
  143  12:07  Observer  
  138  12:15  Stalker x8  
  132  12:17  Probe x2  
  132  12:18  Observer, Probe  
  142  12:31  Probe  
  143  12:38  Observer  
  143  12:44  Gateway  
  143  12:47  Gateway x2  
  143  12:49  Gateway  
  143  12:50  Nexus  
  143  12:51  Zealot x5  
  153  13:02  Protoss Ground Armor Level 2 (Chrono Boost)  
  153  13:05  Zealot x3  
  159  13:18  Robotics Bay  
  149  13:25  Stalker x2  
  149  13:26  Zealot x2, Stalker x2  
  149  13:27  Zealot x2  
  159  13:33  Assimilator  
  157  13:35  Pylon  
  157  13:37  Pylon  
  153  13:44  Zealot x4  
  159  13:51  Zealot x3  
  159  13:52  Zealot x5  
  173  13:57  Photon Cannon  
  165  14:06  Zealot  
  165  14:07  Zealot x3  
  161  14:12  Photon Cannon  
  161  14:15  Photon Cannon x2  
  161  14:16  Photon Cannon  
  161  14:17  Photon Cannon  
  161  14:22  Zealot x8  
  175  14:26  Pylon  
  175  14:30  Probe x6  
  181  14:41  Zealot x3  
  181  14:42  Zealot, Probe  
  188  14:48  Zealot x4, Protoss Shields Level 1 (Chrono Boost)  
  179  14:57  Observer (Chrono Boost)  
  161  15:09  Probe x3  
  161  15:10  Pylon, Protoss Ground Armor Level 3 (Chrono Boost)  
  161  15:11  Pylon  
  164  15:23  Probe x5  
  164  15:24  Probe  
  170  15:36  Stalker x2  
  170  15:37  Stalker x9  
  170  15:39  Observer  
  170  15:42  Stalker  
  194  15:55  Photon Cannon  
  194  15:56  Photon Cannon  
  194  15:57  Photon Cannon  
  194  15:58  Pylon  
  194  16:06  Stalker x3  
  200  16:13  Assimilator  
  200  16:15  Robotics Facility, Gateway  
  200  16:17  Assimilator  
  200  16:18  Gateway  
  200  16:19  Gateway  
  200  16:20  Gateway  
  194  16:50  Stalker x6  
  194  16:58  Stalker x3  
  188  17:05  Assimilator  
  140  17:15  Observer  
  140  17:20  Zealot  
  140  17:21  Zealot x12  
  162  17:25  Zealot x3  
  162  17:26  Disruptor (Chrono Boost)  
  158  17:35  Observer  
  158  17:43  Zealot  
  158  17:44  Zealot x12  
  174  17:45  Zealot x3, Disruptor (Chrono Boost)  
  181  18:02  Nexus  
  181  18:10  Observer  
  175  18:15  Zealot  
  175  18:16  Zealot x14  
  197  18:21  Zealot  
  197  18:27  Observer  
  197  18:33  Nexus  
  195  18:47  Pylon  
  187  19:05  Disruptor x2  
  178  19:12  Zealot x4  
  153  19:18  Zealot  
  153  19:19  Zealot x8  
  115  19:31  Stalker  
  111  19:40  Disruptor  
  115  19:52  Observer  
  115  19:59  Observer  
  115  20:02  Nexus  
  115  20:03  Observer  
  115  20:05  Observer  
  115  20:06  Photon Cannon  
  115  20:12  Photon Cannon  
  115  20:30  Shield Battery  
  111  20:44  Nexus  
  111  20:46  Photon Cannon  
  111  20:48  Stalker x4  
  119  21:08  Observer  
  119  21:10  Stalker x4  
  127  21:18  Observer  
  127  21:29  Disruptor (Chrono Boost)  
  125  21:39  Disruptor (Chrono Boost)  
  113  21:58  Stalker x5  
  123  22:06  Observer  
  119  22:21  Stalker x5  
  129  22:29  Disruptor  
  133  22:35  Observer  
  132  22:39  Observer  
  133  22:47  Observer  
  130  23:03  Observer  
  129  23:30  Observer  
  130  23:35  Stalker x9  
  130  23:36  Assimilator  
  111  24:10  Stalker x8  
  111  24:11  Observer  
  127  24:26  Observer  
  127  24:30  Nexus  
  127  24:57  Disruptor x2  
  127  24:59  Pylon  
  133  25:16  Stalker x7  
  147  25:24  Shield Battery  
  147  25:30  Observer (Chrono Boost), Probe x4  
  147  25:31  Observer (Chrono Boost)  
  153  25:43  Stalker x3  
  163  25:58  Disruptor (Chrono Boost)  
  163  26:02  Observer  
  163  26:11  Disruptor  
  167  26:12  Probe x2  
  167  26:13  Probe x2  
  171  26:27  Disruptor  
  171  26:30  Gravitic Boosters (Chrono Boost)  
  173  27:01  Disruptor  
  173  27:04  Zealot x11  
  197  27:19  Nexus  
  191  27:41  Zealot x4  
  162  27:52  Observer  
  159  27:58  Observer  
  152  28:06  Nexus  
  152  28:09  Observer  
  144  28:25  Stalker x14  
  144  28:26  Stalker x2  
  176  28:31  Observer x2  
  178  28:54  Pylon, Probe x4  
  181  29:10  Pylon  
  174  29:25  Probe x2  
  174  29:26  Probe  
  174  29:29  Photon Cannon  
  175  29:34  Probe  
  175  29:37  Probe  
  177  29:41  Probe  
  177  29:57  Observer  
  177  30:09  Photon Cannon  
  177  30:14  Probe x2  
  177  30:15  Probe x4  
  183  30:22  Disruptor  
  183  30:24  Disruptor  
  183  30:26  Probe  
  192  30:32  Observer  
  183  30:58  Disruptor  
  171  31:32  Stalker x9  
  179  31:33  Stalker x5  
Show
View Real Time Build Order
Export as new Build Order

Nina Protoss 

Build Orders: Phoenix Opening 

Get SALT Encoding   

  12  0:00  Probe  
  13  0:12  Probe  
  14  0:17  Pylon  
  14  0:24  Probe  
  15  0:36  Probe (Chrono Boost)  
  15  0:37  Gateway  
  16  0:47  Assimilator, Probe (Chrono Boost)  
  17  0:52  Probe (Chrono Boost)  
  17  0:56  Assimilator  
  18  1:03  Probe (Chrono Boost)  
  19  1:14  Probe (Chrono Boost)  
  19  1:16  Gateway  
  20  1:19  Probe (Chrono Boost)  
  21  1:26  Cybernetics Core  
  21  1:29  Probe  
  22  1:37  Pylon  
  22  1:41  Probe  
  23  1:55  Probe  
  24  2:04  Warp Gate, Stalker x2  
  28  2:09  Probe  
  29  2:21  Pylon  
  29  2:25  Pylon  
  29  2:33  Probe  
  30  2:44  Nexus  
  30  2:47  Probe  
  30  2:51  Sentry  
  33  2:53  Sentry  
  35  2:59  Probe  
  35  3:03  Pylon  
  36  3:11  Probe  
  37  3:17  Twilight Council  
  37  3:23  Probe  
  38  3:27  Phoenix  
  38  3:28  Gateway  
  38  3:35  Probe (Chrono Boost)  
  38  3:37  Shield Battery  
  39  3:45  Probe (Chrono Boost)  
  40  3:50  Probe (Chrono Boost)  
  41  3:56  Probe  
  41  4:00  Blink (Chrono Boost)  
  41  4:02  Probe  
  43  4:04  Stalker x2  
  43  4:09  Probe  
  48  4:14  Probe  
  49  4:22  Probe  
  50  4:25  Gateway  
  50  4:26  Stalker  
  50  4:27  Probe  
  53  4:32  Stalker  
  53  4:34  Probe  
  53  4:37  Stalker  
  58  4:40  Probe  
  59  4:49  Probe  
  59  4:50  Pylon, Robotics Facility  
  60  4:54  Stalker  
  60  4:56  Assimilator  
  62  5:01  Pylon  
  62  5:08  Probe x2  
  62  5:11  Stalker x2  
  68  5:16  Gateway  
  68  5:19  Stalker  
  68  5:20  Probe  
  71  5:24  Pylon  
  71  5:33  Stalker  
  73  5:40  Stalker x2  
  75  5:49  Stalker  
  74  5:55  Probe  
  75  6:06  Probe  
  75  6:08  Robotics Bay  
  74  6:12  Stalker x3  
  74  6:15  Nexus  
  74  6:16  Probe  
  74  6:18  Assimilator  
  79  6:34  Stalker x2  
  79  6:35  Stalker x2  
  79  6:36  Zealot  
  79  6:37  Probe x2  
  85  6:44  Pylon  
  75  6:58  Stalker x4  
  79  7:05  Probe  
  78  7:09  Probe  
  78  7:10  Stalker  
  69  7:31  Probe  
  69  7:33  Probe (Chrono Boost)  
  69  7:35  Disruptor  
  75  7:38  Stalker x3  
  75  7:42  Probe (Chrono Boost)  
  75  7:43  Probe (Chrono Boost), Shield Battery  
  83  7:44  Gateway  
  83  7:45  Gateway  
  83  7:47  Stalker, Probe (Chrono Boost)  
  87  7:52  Forge  
  87  7:56  Probe (Chrono Boost)  
  87  8:00  Probe (Chrono Boost)  
  87  8:01  Probe (Chrono Boost)  
  87  8:04  Stalker x4  
  95  8:09  Probe (Chrono Boost)  
  95  8:10  Probe (Chrono Boost)  
  93  8:23  Stalker, Disruptor (Chrono Boost)  
  95  8:28  Probe  
  95  8:30  Stalker  
  95  8:33  Stalker  
  100  8:36  Nexus  
  100  8:39  Pylon  
  100  8:40  Probe  
  101  8:45  Probe  
  101  8:47  Probe  
  101  8:49  Pylon  
  101  8:51  Assimilator  
  101  8:53  Assimilator  
  101  8:57  Observer (Chrono Boost)  
  101  9:01  Stalker x3  
  108  9:04  Photon Cannon  
  108  9:05  Pylon  
  108  9:07  Probe  
  108  9:08  Probe  
  109  9:17  Probe  
  109  9:21  Stalker x3  
  109  9:23  Probe  
  117  9:26  Pylon  
  117  9:27  Photon Cannon, Probe  
  117  9:28  Photon Cannon  
  118  9:31  Stalker  
  118  9:33  Stalker  
  118  9:35  Probe  
  118  9:36  Probe  
  124  9:44  Disruptor (Chrono Boost)  
  128  9:58  Stalker x4  
  128  9:59  Probe x2 (Chrono Boost)  
  140  10:05  Probe x2 (Chrono Boost)  
  140  10:08  Probe (Chrono Boost)  
  140  10:09  Stalker x2  
  140  10:13  Pylon  
  145  10:18  Pylon  
  145  10:20  Pylon, Protoss Ground Weapons Level 1  
  141  10:22  Pylon  
  122  10:40  Charge  
  110  10:55  Probe  
  110  10:56  Probe x2  
  109  11:04  Probe  
  110  11:06  Pylon  
  110  11:07  Pylon x3  
  110  11:08  Probe  
  110  11:11  Pylon  
  111  11:12  Gateway x2  
  111  11:15  Gateway  
  103  11:20  Probe  
  103  11:22  Pylon, Probe  
  103  11:25  Disruptor (Chrono Boost)  
  101  11:28  Photon Cannon  
  101  11:30  Stalker x2  
  101  11:32  Probe  
  110  11:34  Photon Cannon  
  110  11:35  Stalker x2  
  110  11:36  Probe  
  116  11:40  Probe  
  116  11:41  Probe  
  116  11:42  Dark Shrine  
  116  11:44  Probe  
  118  11:48  Probe  
  118  11:49  Shield Battery  
  118  11:50  Photon Cannon  
  118  11:54  Pylon, Stalker x2  
  119  11:56  Pylon, Colossus (Chrono Boost)  
  119  11:58  Stalker x2  
  129  12:15  Stalker x3  
  129  12:17  Probe (Chrono Boost)  
  129  12:19  Extended Thermal Lance  
  129  12:20  Probe (Chrono Boost)  
  129  12:22  Probe (Chrono Boost)  
  137  12:26  Photon Cannon  
  137  12:27  Protoss Ground Weapons Level 2 (Chrono Boost), Probe (Chrono Boost)  
  137  12:29  Probe (Chrono Boost)  
  139  12:33  Zealot x6, Probe (Chrono Boost)  
  151  12:38  Disruptor (Chrono Boost)  
  155  12:50  Zealot x3  
  157  12:59  Zealot x6  
  169  13:09  Disruptor (Chrono Boost)  
  173  13:14  Zealot x2  
  177  13:21  Photon Cannon  
  177  13:26  Dark Templar x7  
  185  13:32  Photon Cannon  
  185  13:37  Observer (Chrono Boost)  
  174  13:47  Nexus  
  170  13:52  Stalker x2  
  174  13:58  Archon x2  
  150  14:08  Colossus (Chrono Boost)  
  134  14:10  Stalker x7  
  154  14:20  Zealot x2  
  154  14:24  Photon Cannon  
  156  14:27  Probe  
  156  14:29  Assimilator  
  156  14:31  Assimilator  
  157  14:33  Zealot x3  
  157  14:34  Zealot, Photon Cannon  
  165  14:51  Disruptor (Chrono Boost)  
  140  15:00  Stalker x8  
  137  15:14  Probe  
  137  15:17  Probe  
  138  15:21  Pylon  
  138  15:24  Disruptor (Chrono Boost), Dark Templar x3  
  138  15:25  Zealot x2, Dark Templar  
  154  15:29  Archon x2  
  154  15:31  Dark Templar x2  
  154  15:33  Observer  
  158  15:37  Archon, Observer  
  158  15:40  Dark Templar  
  155  15:44  Protoss Ground Weapons Level 3  
  155  15:49  Zealot x2, Disruptor (Chrono Boost)  
  160  16:00  Stalker x3  
  166  16:13  Dark Templar  
  166  16:15  Dark Templar x2  
  166  16:17  Archon  
  172  16:18  Archon  
  168  16:26  Dark Templar  
  168  16:29  Stalker x4  
  174  16:36  Zealot  
  169  16:51  Colossus (Chrono Boost)  
  173  16:58  Zealot x3  
  173  16:59  Zealot x3  
  183  17:03  Zealot x2  
  165  17:23  Stalker x7  
  179  17:41  Disruptor (Chrono Boost)  
  183  17:47  Dark Templar x2  
  179  17:53  Zealot x4  
  179  17:54  Zealot x2  
  186  18:05  Observer  
  186  18:12  Nexus  
  187  18:16  Zealot  
  188  18:30  Nexus  
  188  18:31  Pylon  
  186  18:37  Disruptor  
  186  18:40  Pylon  
  186  18:41  Dark Templar x4  
  152  19:17  Disruptor  
  100  19:33  Stalker x3  
  94  19:49  Probe  
  97  19:56  Templar Archives  
  97  19:57  Archon  
  95  20:02  Sentry  
  95  20:04  Sentry  
  99  20:07  Sentry  
  101  20:15  Dark Templar  
  101  20:20  Dark Templar  
  105  20:25  Probe  
  105  20:27  Probe  
  107  20:29  Probe  
  108  20:36  Observer, High Templar x2  
  112  20:45  High Templar, Archon, Observer  
  112  20:46  High Templar  
  112  20:49  Photon Cannon  
  117  20:51  Archon  
  117  21:01  Stalker x2  
  119  21:09  Stalker x2  
  123  21:22  Zealot, Dark Templar  
  122  21:33  Stalker x2  
  122  21:39  Photon Cannon  
  126  21:57  Zealot x4  
  134  22:02  Disruptor  
  134  22:07  Zealot  
  138  22:14  Observer  
  138  22:21  Probe x3  
  129  22:36  Probe  
  130  22:38  Disruptor  
  134  22:49  Nexus  
  134  22:51  Pylon  
  134  23:00  Stalker x2  
  138  23:08  Probe x2  
  140  23:13  Disruptor  
  140  23:15  Probe  
  140  23:18  Assimilator  
  145  23:29  Probe x3  
  145  23:30  Probe  
  145  23:32  Photon Cannon  
  131  24:11  Probe x3  
  131  24:12  Probe x2  
  135  24:24  Stalker  
  135  24:25  Stalker  
  135  24:26  Probe  
  135  24:30  Zealot x6  
  153  24:31  Assimilator, Probe  
  153  24:32  Probe  
  141  24:45  Probe  
  142  24:59  Stalker  
  142  25:00  Zealot x2  
  142  25:01  Zealot x5  
  156  25:07  Probe  
  156  25:08  Probe x2  
  156  25:09  Probe  
  156  25:12  Photon Cannon  
  160  25:14  Probe  
  160  25:15  Assimilator  
  161  25:22  Assimilator  
  161  25:24  Shield Battery  
  161  25:26  Zealot x6  
  173  25:35  Disruptor  
  177  25:46  Stalker x2  
  181  25:56  Nexus  
  179  25:58  Zealot x2  
  181  26:12  Zealot x3  
  181  26:15  Pylon  
  181  26:17  Pylon  
  187  26:26  Pylon  
  187  26:30  Disruptor (Chrono Boost)  
  187  26:31  Pylon  
  185  26:34  Stalker x3  
  185  26:36  Protoss Shields Level 1 (Chrono Boost), Stalker  
  195  26:50  Stalker x2  
  197  27:07  Nexus  
  195  27:17  Dark Templar x2  
  192  27:31  Stalker x4  
  200  27:41  Pylon  
  200  27:43  Pylon  
  172  27:58  Stalker x3  
  161  28:25  Disruptor (Chrono Boost)  
  165  28:28  Zealot x3  
  165  28:29  Zealot x3  
  177  28:35  Photon Cannon  
  177  28:41  Dark Templar  
  178  28:50  Shield Battery  
  178  28:54  Zealot x4  
  186  28:58  Zealot  
  182  29:21  Nexus  
  182  29:42  Pylon  
  182  29:44  Pylon  
  182  29:46  Pylon x2  
  180  30:08  Stalker x4, Photon Cannon  
  188  30:19  Pylon  
  187  30:46  Dark Templar  
  187  30:47  Dark Templar  
  191  30:52  Dark Templar  
  189  31:00  Zealot x3  
  189  31:02  Gateway x2  
  173  31:18  Stalker  
  173  31:19  Stalker  
  175  31:25  Stalker x3  
  171  31:44  Zealot x2  
  139  31:51  Zealot x3  
  80  32:09  Stalker x4  
Tags
 
Add a new tag
Caveats
  • Supply blocks, unpowered buildings, or Contaminate may cause inaccurate times.
  • Supply counts are checked every 10 seconds.